 Dungeon Crawl Stone Soup version 0.31.0-4-g52a2dc7128 (webtiles) character file.

Game seed: 5497635836466951033

540 gelatine the Chopper (level 7, -4/52 HPs)
             Began as a Demonspawn Gladiator on Jan 21, 2024.
             Slain by a bullfrog (7 damage)
             ... in a sewer.
             The game lasted 00:08:28 (3747 turns).

gelatine the Chopper (Demonspawn Gladiator)         Turns: 3747, Time: 00:08:28

Health: -4/52      AC:  9    Str: 16    XL:     7   Next: 5%
Magic:  7/7        EV:  9    Int:  8    God:
Gold:   200        SH:  0    Dex: 15    Spells: 6/6 levels left

rFire   . . .        a - +0 war axe
rCold   . . .        (no shield)
rNeg    . . .        p - +0 ring mail
rPois   .            y - +1 helmet
rElec   .            o - +0 cloak
rCorr   .            (no gloves)
SInv    .            (no boots)
Will    .....        r - amulet of magic regeneration
Stlth   +            (no ring)
HPRegen 0.28/turn    (no ring)
MPRegen 0.50/turn

%: no passive effects
@: constricted, very slow
A: demonic guardian 1, ignite blood 1, sharp scales 1, demonic touch 1
a: no special abilities


You were in a sewer.
You visited 1 branch of the dungeon, and saw 4 of its levels.
You also visited: Sewer.

You collected 200 gold pieces.

Inventory:

Hand Weapons
 a - a +0 war axe (weapon)
Missiles
 d - 3 throwing nets
 e - 5 javelins (quivered)
Armour
 b - a +0 leather armour
 c - a +0 helmet
 o - a +0 cloak (worn)
 p - a +0 ring mail (worn)
 y - a +1 helmet (worn)
Jewellery
 r - an amulet of magic regeneration (around neck)
Wands
 f - a wand of roots (6)
 n - a wand of flame (24)
Scrolls
 g - a scroll of amnesia {unknown}
 i - 2 scrolls of fog {unknown}
 j - a scroll of teleportation {unknown}
 l - 4 scrolls of identify {unknown}
 s - a scroll of enchant weapon {unknown}
 v - 3 scrolls of poison {unknown}
 A - a scroll of revelation {unknown}
 B - a scroll of fear {unknown}
 C - a scroll of blinking {unknown}
Potions
 h - a potion of resistance {unknown}
 k - a potion of degeneration {unknown}
 m - 3 potions of lignification {unknown}
 q - a potion of brilliance {unknown}
 t - a potion of haste {unknown}
 u - a potion of heal wounds {unknown}
 x - a potion of magic {unknown}
 z - a potion of ambrosia {unknown}


   Skills:
 + Level 3.4 Fighting
 + Level 4.7 Axes
 + Level 2.8 Throwing
 + Level 2.6 Armour
 + Level 4.0 Dodging
 + Level 0.5 Stealth


You had 6 spell levels left.
You didn't know any spells.
Your spell library contained the following spells:

 Spells                   Type           Power      Damage    Failure   Level
 Summon Small Mammal      Summ           0%         N/A       63%         1
 Call Canine Familiar     Summ           0%         N/A       94%         3
 Summon Blazeheart Golem  Fire/Summ      0%         N/A       100%        4


Dungeon Overview and Level Annotations

Branches:
Dungeon (4/15)              Sewer (1/1)
 Temple: D:4-7

Altars:


Innate Abilities, Weirdness & Mutations

A weak demonic guardian rushes to your aid.
Your demonic aura sometimes causes spilled blood to erupt in flames.
You are partially covered in razor-sharp scales. (AC +1, Slay +1)
Your touch may inflict minor irresistible damage on your foes.


Message History

The bullfrog is heavily wounded.
You closely miss the bullfrog. You closely miss the frilled lizard.
You barely miss the ball python. The ball python closely misses you.
The ball python constricts you. The frilled lizard bites you.
The bullfrog hits you. The bullfrog barely misses you.
The ball python bites you but does no damage.
The ball python constricts you. The bullfrog hits you.
The frilled lizard bites you.
Your unstable footing causes you to fumble your attack.
The bullfrog hits you but does no damage.
The ball python bites you. The ball python constricts you.
The bullfrog hits you. The bullfrog barely misses you.
The frilled lizard bites you but does no damage.
The ball python closely misses you. The ball python constricts you.
The bullfrog hits you.
* * * LOW HITPOINT WARNING * * *
Your unstable footing causes you to fumble your attack.
The bullfrog closely misses you. The bullfrog completely misses you.
The bullfrog hits you.
* * * LOW HITPOINT WARNING * * *
The frilled lizard misses you.
The ball python bites you but does no damage.
The ball python constricts you. The bullfrog closely misses you.
Your unstable footing causes you to fumble your attack.
The bullfrog hits you.
* * * LOW HITPOINT WARNING * * *
A demonic guardian appears!
The ball python barely misses you. The ball python constricts you.
The frilled lizard bites you but does no damage.
The bullfrog closely misses you. The bullfrog hits you.
* * * LOW HITPOINT WARNING * * *
The frilled lizard bites you.
* * * LOW HITPOINT WARNING * * *
The ball python barely misses you. The ball python constricts you.
You feel better.
The bullfrog hits you but does no damage.
The bullfrog hits you.
* * * LOW HITPOINT WARNING * * *
The bullfrog hits you!
You die...

#≈≈~~≈≈#
#~≈~≈≈≈#
#≈~~≈≈≈#
#~††≈≈≈#
#≈≈~~≈≈#
#≈~.~~≈#
#≈~#≈≈≈#
#≈~[...#
#≈.~≈≈≈#
#≈~.~.##
#≈.≈≈≈≈#
#≈≈≈≈~~#
#~~≈~≈≈#
#≈≈≈≈~~#
#~#l~~≈#
#≈≈~~~≈#
#≈~S@≈≈#
#≈~~~≈≈#
#≈5≈FF≈#
#~~≈~≈≈#
#≈≈≈~≈≈#
#≈~≈≈≈≈#
#~~~#~≈#
#≈~~~≈≈#
##~....#
#..~~~##
......#
#......#
#......#
##......
#... ..+
#......
##.....


You could see 2 bullfrogs, a ball python (ally target), a frilled lizard and a
friendly iron imp (summoned).

Vanquished Creatures
  A black bear (D:4)
  A scorpion (D:4)
  Crazy Yiuf (D:2)
  Jessica (D:2)
  An iguana (D:4)
  An orc wizard (D:3)
  4 river rats (Sewer)
  8 adders
  3 ribbon worms
  2 orcs (D:3)
  18 ball pythons
  14 bats
  7 endoplasms
  2 giant cockroaches
  4 hobgoblins
  4 quokkas
  5 frilled lizards
  16 goblins
  7 kobolds
  21 rats
121 creatures vanquished.

Vanquished Creatures (collateral kills)
  A hound (D:4)
  Ijyb (D:3)
  2 orcs (D:3)
  A kobold (D:4)
5 creatures vanquished.

Grand Total: 126 creatures vanquished

Notes
Turn   | Place    | Note
-------+----------+-------------------------------------------
     0 | D:1      | gelatine the Demonspawn Gladiator began the quest for the
                  | Orb.
     0 | D:1      | Reached XP level 1. HP: 16/16 MP: 1/1
    40 | D:1      | You fall into a shaft and drop 1 floor!
    95 | D:2      | Gained mutation: You are partially covered in razor-sharp
                  | scales. (AC +1, Slay +1) [demonic ancestry]
    95 | D:2      | Reached XP level 2. HP: 22/22 MP: 2/2
   395 | D:2      | Gained mutation: A weak demonic guardian rushes to your
                  | aid. [demonic ancestry]
   395 | D:2      | Reached XP level 3. HP: 21/27 MP: 3/3
  1032 | D:1      | Reached skill level 1 in Armour
  1406 | D:2      | Noticed Jessica
  1414 | D:2      | Reached XP level 4. HP: 26/33 MP: 4/4
  1417 | D:2      | Killed Jessica
  2029 | D:2      | Found a runed translucent door.
  2030 | D:2      | Noticed Crazy Yiuf
  2042 | D:2      | Killed Crazy Yiuf
  2043 | D:2      | Gained mutation: Your demonic aura sometimes causes spilled
                  | blood to erupt in flames. [demonic ancestry]
  2043 | D:2      | Reached XP level 5. HP: 11/39 MP: 5/5
  2631 | D:3      | Noticed Ijyb
  2649 | D:3      | Killed Ijyb
  3300 | D:4      | Reached XP level 6. HP: 40/46 MP: 6/6
  3434 | D:4      | Found a glowing drain.
  3444 | Sewer    | Entered a sewer
  3610 | Sewer    | Gained mutation: Your touch may inflict minor irresistible
                  | damage on your foes. [demonic ancestry]
  3610 | Sewer    | Reached XP level 7. HP: 48/52 MP: 7/7
  3746 | Sewer    | HP: 2/52 [frilled lizard (1)]
  3747 | Sewer    | Slain by a bullfrog

Illustrated notes

Levels and vault maps discovered:
D:1:      dpeg_arrival_rhombus, layout_loops_ring, minmay_misc_feat_diagonals,
          hangedman_abyss_or_decor_stabs, minmay_heptomino_h4
D:2:      layout_loops_corners, uniq_jessica, uniq_robin,
          uniq_crazy_yiuf_cottage
D:3:      layout_loops_ring, uniq_ijyb
D:4:      layout_loops_ring, kennysheep_ying_yang, lemuel_doored_altar,
          mainiacjoe_overflow_tiny_flanked, cheibrodos_sewer_entry_sluice,
          uniq_blork_the_orc
Sewer:    sewer_minmay_w

Skill      XL: |  1  2  3  4  5  6 |
---------------+-------------------+-----
Dodging        | 3 4 |  4.0
Axes           | 3 4 |  4.7
Armour         | 1 2 |  2.6
Throwing       | 2 |  2.8
Fighting       | 3 |  3.4
Stealth        | |  0.5

Action                     |  1- 3 |  4- 6 |  7- 9 || total
---------------------------+-------+-------+-------++-------
  Melee: War axe           |   115 |   163 |    24 ||   302
         Punch             |       |     2 |       ||     2
         Touch             |       |       |     2 ||     2
  Throw: Javelin           |       |    42 |       ||    42
    Use: Potion            |       |     2 |     1 ||     3
   Stab: Sleeping          |     1 |       |       ||     1
 Armour: Leather armour    |    79 |    70 |       ||   149
         Ring mail         |       |    66 |    65 ||   131
  Dodge: Dodged            |    94 |   174 |    39 ||   307
